 Dungeon Crawl Stone Soup version 0.19.0-11-g3fc08b3 (webtiles) character file.

56 mistymad the Ruffian (level 3, 0/31 HPs)
             Began as a Naga Transmuter on Nov 8, 2016.
             Succumbed to an adder's poison
             ... on level 2 of the Dungeon.
             The game lasted 00:03:56 (2122 turns).

mistymad the Ruffian (Naga Transmuter)              Turns: 2122, Time: 00:03:57

Health: 0/31       AC:  2    Str: 12    XL:     3   Next: 97%
Magic:  2/7        EV: 10    Int: 14    God:
Gold:   40         SH:  0    Dex:  9    Spells: 3 memorised, 1 level left

rFire  . . .     SeeInvis +       - Unarmed
rCold  + . .     Gourm    .     b - +0 robe
rNeg   . . .     Faith    .     (no shield)
rPois  +         Spirit   .     (no helmet)
rElec  .         Reflect  .     (no cloak)
rCorr  .         Harm     .     (no gloves)
MR     +....                    (no barding)
Stlth  +.........               (no amulet)
                                g - ring of protection from magic
                                k - ring of protection from cold

@: lethally poisoned (0 -> -2), very slightly contaminated, hasted, quick
A: see invisible, clumsy 1, deformed body, poison resistance, slowness 2, slow
metabolism 1, spit poison 1, AC +1
a: Spit Poison


You were on level 2 of the Dungeon.
You were not hungry.

You visited 1 branch of the dungeon, and saw 2 of its levels.

You collected 40 gold pieces.

Inventory:

Missiles
 a - 75 arrows
Armour
 b - a +0 robe (worn)
Jewellery
 g - a ring of protection from magic (right hand)
 k - a ring of protection from cold (left hand)
Scrolls
 e - a scroll of fog {unknown}
 f - a scroll of random uselessness {unknown}
 h - a scroll of magic mapping {unknown}
 i - 2 scrolls of remove curse {unknown}
 m - a scroll of blinking {unknown}
 n - 2 scrolls of identify {unknown}
 o - a scroll of enchant armour {unknown}
 q - a scroll of noise {unknown}
 s - a scroll of teleportation {unknown}
 t - a scroll of amnesia {unknown}
Books
 c - a book of Changes

   Spells                             Type                      Level
   a - Beastly Appendage              Transmutation                1
   b - Sticks to Snakes               Transmutation                2
   c - Spider Form                    Transmutation/Poison         3
   d - Ice Form                       Ice/Transmutation            4
   e - Blade Hands                    Transmutation                5
Comestibles
 d - a bread ration
 u - 3 meat rations


   Skills:
 - Level 1.0 Fighting
 - Level 1.5 Dodging
 + Level 3.6 Unarmed Combat
 + Level 2.7 Spellcasting
 + Level 2.8 Transmutations


You had one spell level left.
You knew the following spells:

 Your Spells              Type           Power        Failure   Level  Hunger
a - Beastly Appendage     Tmut           #.....       10%         1    #......
b - Sticks to Snakes      Tmut           #.......     12%         2    ###....
c - Spider Form           Tmut/Pois      #.........   38%         3    ###....


Dungeon Overview and Level Annotations

Branches:
Dungeon (2/15)

Altars:


Innate Abilities, Weirdness & Mutations

You cannot wear boots.
Your serpentine skin is tough. (AC +1)
You have supernaturally acute eyesight. (SInv)
Armour fits poorly on your strangely shaped body.
Your system is resistant to poisons. (rPois)
You cover ground very slowly.
You have a slow metabolism.
You can spit poison.
You are clumsy. (Dex -2)


Message History

Aim: an adder (almost dead)
The splash of poison misses the adder.
You feel slightly more hungry. The adder bites you.
* * * LOW HITPOINT WARNING * * *
You take 5 damage, and have 5/31 hp.
Unknown command.
Casting: Spider Form
Confirm with . or Enter, or press ? or * to list all spells.
You miscast Spider Form.
You feel faint for a moment. The adder bites you.
* * * LOW HITPOINT WARNING * * *
The adder bites you.
* * * LOW HITPOINT WARNING * * *
You take 4 damage, and have 1/31 hp.
You now have 2/7 mp.
Unknown command.
You feel yourself speed up. The adder barely misses you.
Unknown command.
* * * LOW HITPOINT WARNING * * *
You feel sick.
You have got your breath back.
You die...

#.........##.........#
#####..###.#.....#####
#.######............#
#................####
#########.####.#.# #.#
#.#.# #.# #.#.# #.#
#.#.# # #@# #.#.#
....#######.# #.#.#
..........S.#
#.###########


You could see an adder.

Vanquished Creatures
  An adder (D:2)
  2 oozes
  A worm (D:2)
  A dart slug (D:1)
  3 giant cockroaches (D:1)
  2 goblins (D:1)
  4 hobgoblins
  2 jackals (D:1)
  A quokka (D:2)
  A ball python (D:1)
  A bat (D:1)
  3 frilled lizards (D:1)
  7 kobolds
  6 rats
35 creatures vanquished.

Notes
Turn   | Place    | Note
-------+----------+-------------------------------------------
     0 | D:1      | mistymad the Naga Transmuter began the quest for the Orb.
     0 | D:1      | Reached XP level 1. HP: 18/18 MP: 3/3
   420 | D:1      | Reached XP level 2. HP: 24/25 MP: 3/5
   832 | D:1      | Learned a level 2 spell: Sticks to Snakes
   940 | D:1      | Reached XP level 3. HP: 19/31 MP: 6/6
  1061 | D:1      | Learned a level 3 spell: Spider Form
  1717 | D:2      | HP: 1/31 [kobold/short sword (4)]
  1718 | D:2      | Gained mutation: You possess an exceptional clarity of mind. [potion of mutation]
  1718 | D:2      | Lost mutation: You possess an exceptional clarity of mind. [potion of mutation]
  1718 | D:2      | Gained mutation: You are clumsy. (Dex -2) [potion of mutation]
  2116 | D:2      | HP: 1/31 [adder (2)]
  2122 | D:2      | Succumbed to an adder's poison

Action                   || total
-------------------------++-------
Melee: Unarmed           ||   106
       Headbutt          ||     3
 Cast: Beastly Appendage ||     8
       Spider Form       ||     6
 Abil: Spit Poison       ||    19
  Use: Potion            ||     4
  Eat: Chunk             ||     5
Armor: Robe              ||    15
       Skin              ||     1
Dodge: Dodged            ||    67
